 Dungeon Crawl Stone Soup version 0.22.1-1-ga44c0e5 (webtiles) character file.

202 Lavandula the Chopper (level 5, -3/67 HPs)
             Began as a Centaur Berserker on Nov 7, 2018.
             Was a Believer of Trog.
             Slain by a mummy (10 damage)
             ... in an ossuary.
             The game lasted 00:03:05 (424 turns).

Lavandula the Chopper (Centaur Berserker)            Turns: 424, Time: 00:03:05

Health: -3/67      AC: 22    Str: 20    XL:     5   Next: 50%
Magic:  5/5        EV:  1    Int:  6    God:    Trog [**....]
Gold:   80         SH:  0    Dex:  9    Spells: 4/4 levels left

rFire    . . .     SeeInvis .   a - +0 hand axe
rCold    . . .     Gourm    .   (no shield)
rNeg     + + +     Faith    .   (armour currently unavailable)
rPois    +         Spirit   .   (helmet currently unavailable)
rElec    .         Reflect  .   (cloak currently unavailable)
rCorr    .         Harm     .   (gloves currently unavailable)
MR       .....     NoTele   +   (no barding)
Stlth    +.........             (no amulet)
HPRegen  0.21/turn              (no ring)
MPRegen  0.09/turn              (no ring)

@: tree-form, berserk cooldown, slowed, very slow
A: large
a: Berserk, Trog's Hand, Renounce Religion


You were in an ossuary.
You worshipped Trog.
Trog was pleased with you.
You were hungry.
You were a tree.
You visited 1 branch of the dungeon, and saw 4 of its levels.
You also visited: Ossuary.

You collected 80 gold pieces.

Inventory:

Hand Weapons
 a - a +0 hand axe (weapon)
 g - a +0 blowgun
Missiles
 h - 19 poisoned needles
Armour
 b - a +0 animal skin (melded)
 f - a +0 pair of gloves (melded)
Scrolls
 e - 2 scrolls of teleportation {unknown}
 i - a scroll of identify {unknown}
Potions
 d - a potion of lignification
Comestibles
 c - 5 rations


   Skills:
 - Level 3.0 Fighting
 + Level 5.7 Axes
 - Level 1.3 Armour
 - Level 1.3 Dodging


You had 4 spell levels left.
You didn't know any spells.
Your spell library was empty.

Dungeon Overview and Level Annotations

Branches:
Dungeon (4/15)
 Temple: D:4-7

Altars:
Dithmenos


Innate Abilities, Weirdness & Mutations

((You have hooves in place of feet.))
((Armour fits poorly on your strangely shaped body.))
((You cover ground very quickly.))
((You have extremely tough skin. (AC +3)))


Message History

You barely miss the mummy.
The mummy is moderately damaged.
You hear a splashing noise.
The mummy hits you.
* * * LOW HITPOINT WARNING * * *
Unknown command.
You closely miss the mummy.
The mummy is moderately damaged.
You hit the mummy but do no damage.
The mummy hits you but does no damage. x2
Unknown command.
Okay, then.
Okay, then.
You hit the mummy but do no damage.
The mummy is moderately damaged.
You hit the mummy.
Unknown command.
You hit the mummy.
The mummy is heavily damaged.
You hit the mummy. The mummy hits you but does no damage. The mummy hits you!
You die...

##### #..∩#
#.∩.# #.M♣#
##M##
#.'...≈≈≈≈≈.M≈
###+#.≈.≈.#+#'
#.#.≈.# ##
≈≈## ##≈ ≈≈
≈##


You could see 2 mummies.

Vanquished Creatures
  A centaur zombie (Ossuary)
  An iguana (D:2)
  4 mummies (Ossuary)
  4 gnolls (D:3)
  An adder (D:3)
  An ooze (D:4)
  A worm (D:3)
  2 giant cockroaches (D:3)
  A goblin (D:3)
  A quokka (D:3)
  A bat (D:3)
  A jackal skeleton (D:4)
  A kobold (D:3)
  A rat (D:3)
21 creatures vanquished.

Vanquished Creatures (others)
  2 withered plants (Ossuary)
2 creatures vanquished.

Grand Total: 23 creatures vanquished

Notes
Turn   | Place    | Note
-------+----------+-------------------------------------------
     0 | D:1      | Lavandula the Centaur Berserker began the quest for the
                  | Orb.
     0 | D:1      | Reached XP level 1. HP: 19/19 MP: 1/1
   114 | D:2      | Noticed an iguana
   118 | D:2      | Killed an iguana
   118 | D:2      | Reached skill level 3 in Axes
   118 | D:2      | Reached XP level 2. HP: 26/26 MP: 2/2
   155 | D:3      | Reached XP level 3. HP: 31/31 MP: 3/3
   194 | D:3      | Found a shadowy altar of Dithmenos.
   240 | D:3      | Reached skill level 4 in Axes
   245 | D:3      | Reached XP level 4. HP: 30/38 MP: 4/4
   361 | D:4      | Found a sand-covered staircase.
   371 | Ossuary  | Entered an ossuary
   394 | Ossuary  | Reached skill level 5 in Axes
   394 | Ossuary  | Reached XP level 5. HP: 45/45 MP: 5/5
   395 | Ossuary  | Reached ** piety under Trog
   424 | Ossuary  | Slain by a mummy

Skill      XL: |  1  2  3  4 |
---------------+-------------+-----
Axes           | 3 4 5 |  5.7
Fighting       | |  3.0
Armour         | |  1.3
Dodging        | |  1.3

Action                   |  1- 3 |  4- 6 || total
-------------------------+-------+-------++-------
Melee: Hand axe          |    19 |    24 ||    43
       Kick              |     7 |     7 ||    14
Invok: Berserk           |     2 |     1 ||     3
  Use: Potion            |       |     1 ||     1
Armor: Animal skin       |    11 |     6 ||    17
       Skin              |       |     6 ||     6
Dodge: Dodged            |     6 |     9 ||    15
